Map: Winter's Gate LE

Players

VEGANGAINS - Winner!

  • Race: Terran Terran
  • League: Diamond
  • Spawn Location: 11:00

pHARM

  • Race: Zerg Zerg
  • League: Platinum
  • Spawn Location: 5:00

VOD

Have the link to the VOD?

Description

Time

  • Played on: Sept. 1, 2019, 9:52 a.m.
  • Length: 12:32
Show
View Real Time Build Order
Export as new Build Order

VEGANGAINS Terran - Winner!

Build Orders:  

Get SALT Encoding   

  12  0:00  SCV  
  13  0:13  SCV  
  14  0:17  Supply Depot  
  14  0:26  SCV  
  15  0:30  Refinery  
  15  0:38  SCV  
  16  0:45  Barracks  
  16  0:50  SCV  
  17  1:03  SCV  
  18  1:15  SCV  
  19  1:27  SCV  
  20  1:33  Barracks Reactor  
  20  1:39  Orbital Command  
  20  1:41  Refinery  
  20  1:50  Supply Depot  
  20  1:59  Command Center  
  20  2:06  SCV  
  21  2:16  Factory  
  21  2:21  Marine  
  21  2:22  Marine  
  23  2:26  SCV  
  24  2:38  SCV  
  24  2:41  Marine x2  
  27  2:50  SCV  
  28  3:02  Marine x2, SCV  
  31  3:05  Factory Reactor  
  31  3:08  Starport  
  31  3:14  SCV  
  31  3:19  Orbital Command  
  32  3:22  Marine  
  32  3:25  Marine  
  32  3:26  SCV  
  35  3:32  Supply Depot  
  35  3:38  SCV  
  36  3:50  SCV  
  36  3:53  SCV, Supply Depot  
  38  4:01  Medivac, Widow Mine  
  38  4:02  Medivac  
  44  4:03  SCV  
  44  4:05  SCV  
  46  4:10  Marine x2  
  46  4:15  SCV  
  49  4:17  SCV, Supply Depot  
  49  4:21  Liberator x2  
  50  4:27  SCV  
  50  4:29  SCV  
  55  4:39  Marine x2, SCV  
  61  5:01  Marine x2  
  61  5:04  Factory Tech Lab  
  63  5:18  SCV  
  63  5:19  Marine  
  65  5:27  Siege Tank  
  65  5:28  Marine  
  69  5:32  SCV, Supply Depot  
  69  5:33  Barracks, Refinery  
  69  5:34  Barracks  
  70  5:35  Refinery  
  70  5:54  Marine, SCV x2  
  70  5:55  Medivac x2  
  65  6:06  SCV x2  
  65  6:10  Siege Tank  
  65  6:11  Marine x2  
  70  6:18  SCV x2  
  74  6:23  Barracks Tech Lab  
  74  6:24  Barracks Tech Lab  
  74  6:25  Medivac x2  
  75  6:27  Barracks x2  
  75  6:29  Marine x2  
  75  6:30  SCV  
  78  6:46  SCV x2  
  77  6:50  Stimpack, Combat Shield  
  77  6:55  Supply Depot  
  77  6:56  Supply Depot x3  
  77  6:58  SCV  
  78  7:15  Barracks Reactor x2  
  78  7:16  Marine x2  
  78  7:17  Siege Tank, SCV, Marauder x2  
  78  7:18  Supply Depot  
  88  7:27  SCV  
  88  7:29  SCV  
  90  7:34  Marine x2  
  92  7:38  Marine, Marauder  
  92  7:39  SCV  
  92  7:43  Engineering Bay  
  92  7:44  SCV  
  97  7:49  Siege Tank  
  100  7:51  SCV  
  100  7:52  Marine x2  
  100  7:56  Marine  
  104  7:59  Marine  
  104  8:00  Medivac x2  
  104  8:01  Marine x2  
  104  8:02  Marine x2  
  113  8:09  Engineering Bay  
  113  8:10  Marine x2  
  115  8:14  Marauder  
  115  8:17  Marine  
  115  8:18  Concussive Shells  
  118  8:24  Supply Depot  
  118  8:26  Supply Depot  
  118  8:29  Supply Depot  
  118  8:30  Terran Infantry Weapons Level 1  
  118  8:45  Marine x6  
  118  8:46  Marauder  
  118  8:47  Supply Depot  
  131  8:48  Siege Tank, Marauder  
  130  9:03  Marine x6  
  126  9:21  Marine x4  
  126  9:22  Marine x2  
  126  9:23  Marine, Marauder  
  127  9:27  Liberator x2  
  123  9:39  Marine x4  
  123  9:40  Marine x2  
  123  9:41  Marauder  
  123  9:45  Marauder  
  139  9:46  SCV x2  
  138  9:57  Marine x4, Command Center  
  138  9:59  Marine x2  
  143  10:02  Marauder  
  143  10:06  Marauder  
  148  10:14  Marine x2  
  148  10:15  Armory  
  150  10:22  Supply Depot  
  150  10:24  Supply Depot  
  150  10:25  Terran Infantry Armor Level 1  
  150  10:26  Supply Depot  
  150  10:43  Marine x6  
  150  10:44  Marauder  
  150  10:46  Marauder  
  150  10:49  Supply Depot, Armory  
  160  11:01  Marine x5  
  165  11:05  Marauder  
  165  11:07  Marauder  
  115  11:29  SCV  
  115  11:30  Marine x4  
  115  11:31  Marine x2, Marauder x2  
  112  11:48  Marine x4  
  112  11:52  Marauder x2  
  120  11:55  SCV  
  120  11:57  Siege Tank  
  120  11:58  Marine, Medivac x2  
  120  12:01  Marine  
Show
View Real Time Build Order
Export as new Build Order

pHARM Zerg 

Build Orders: Hatch First 

Get SALT Encoding   

  12  0:01  Drone  
  13  0:15  Overlord  
  13  0:26  Drone  
  14  0:35  Drone  
  14  0:36  Drone  
  16  1:02  Drone  
  16  1:03  Drone x2  
  19  1:05  Hatchery  
  18  1:24  Spawning Pool  
  17  1:34  Drone x2  
  19  1:41  Drone  
  20  1:47  Extractor  
  19  1:59  Drone x2  
  21  2:08  Overlord  
  21  2:16  Queen  
  21  2:17  Queen  
  21  2:20  Zergling x4  
  27  2:29  Drone x2  
  29  2:56  Queen  
  29  2:57  Metabolic Boost  
  31  2:59  Queen  
  31  3:01  Overlord x2  
  33  3:10  Drone x2  
  33  3:11  Drone  
  36  3:14  Drone, Hatchery  
  36  3:41  Lair  
  36  3:49  Baneling Nest, Drone x8  
  36  3:50  Drone  
  44  4:01  Drone x2  
  46  4:13  Queen  
  48  4:17  Extractor  
  48  4:19  Extractor  
  46  4:38  Zergling x2  
  46  4:39  Zergling x18  
  56  4:53  Queen  
  56  4:58  Overlord x4  
  58  5:01  Baneling x8  
  58  5:03  Overlord x2  
  58  5:16  Queen  
  60  5:31  Centrifical Hooks  
  53  6:01  Drone x18  
  70  6:10  Drone  
  61  7:04  Extractor  
  60  7:16  Drone x2  
  60  7:17  Drone x2  
  60  7:21  Drone  
  60  7:22  Drone x4  
  69  7:25  Zergling x10  
  74  7:32  Hydralisk Den  
  74  7:33  Extractor  
  74  7:34  Extractor  
  71  7:39  Overlord x2  
  71  7:48  Overseer  
  71  7:49  Hatchery  
  70  8:02  Grooved Spines  
  70  8:03  Zergling x2  
  70  8:04  Zergling x20  
  81  8:13  Drone x3  
  84  8:40  Drone x4  
  84  8:41  Drone x4  
  90  8:42  Drone x2  
  94  8:49  Baneling x9  
  94  8:50  Baneling x15  
  94  8:51  Zergling x10  
  92  9:13  Muscular Augments  
  83  9:21  Zergling x14  
  81  9:34  Hydralisk  
  81  9:35  Hydralisk x4  
  84  9:54  Zergling x16  
  92  10:14  Zergling x6  
  92  10:15  Zergling x22  
  92  10:16  Overlord  
  106  10:33  Overlord x5  
  106  10:45  Hatchery  
  106  10:47  Infestation Pit  
  104  10:51  Evolution Chamber  
  104  10:54  Evolution Chamber  
  104  10:55  Baneling  
  104  10:56  Baneling x24  
  104  10:57  Zergling x18, Baneling x8  
  102  10:58  Zergling x10  
  88  11:23  Hydralisk x11  
  83  12:07  Hydralisk x9  
  83  12:08  Hydralisk x6  
Tags
 
Matchup
TvZ
Replay Pack
10.7.19
Spawn Locations
Cross Positions
Add a new tag
Caveats
  • Supply blocks, unpowered buildings, or Contaminate may cause inaccurate times.
  • Supply counts are checked every 10 seconds.